 Dungeon Crawl Stone Soup version 0.18.1-50-g88ac8fd (webtiles) character file.

221 magog001 the Bolt Thrower (level 5, -4/44 HPs)
             Began as a Centaur Hunter on June 5, 2018.
             Killed by divine providence
             ... invoked by an orc priest
              (11 damage)
             ... on level 3 of the Dungeon.
             The game lasted 00:25:36 (2952 turns).

magog001 the Bolt Thrower (Centaur Hunter)          Turns: 2952, Time: 00:25:37

Health: -4/44      AC:  5    Str: 14    XL:     5   Next: 65%
Magic:  5/5        EV:  9    Int: 10    God:
Gold:   147        SH:  0    Dex: 11    Spells: 0 memorised, 4 levels left

rFire  . . .     SeeInvis .     y - +6 club
rCold  . . .     Gourm    .     c - +0 leather armour
rNeg   . . .     Faith    .     (no shield)
rPois  .         Spirit   .     (no helmet)
rElec  .         Dismiss  .     B - +0 cloak
rCorr  .         Reflect  .     (no gloves)
SustAt .         Harm     .     (no barding)
MR     .....                    (no amulet)
Stlth  +.........               (no ring)
                                l - ring of wizardry

@: very quick, not resistant to hostile enchantments, very unstealthy
A: hooves 3, deformed body, speed 2, tough skin 3
a: no special abilities


You were on level 3 of the Dungeon.
You were hungry.

You visited 1 branch of the dungeon, and saw 3 of its levels.

You collected 147 gold pieces.

Inventory:

Hand Weapons
 a - a +1 hand crossbow
 f - a +0 hunting sling
 y - a +6 club (weapon)
Missiles
 d - 6 bolts
 e - 47 sling bullets
 q - 3 tomahawks (quivered)
 x - 7 javelins
Armour
 c - a +0 leather armour (worn)
 B - a +0 cloak (worn)
Jewellery
 j - a cursed ring of teleportation {unknown}
 l - a ring of wizardry (left hand)
Scrolls
 b - a scroll of recharging
 g - a scroll of enchant weapon {unknown}
 h - 2 scrolls of identify
 k - a scroll of fog {unknown}
 t - 2 scrolls of remove curse
 v - a scroll of teleportation
Potions
 i - a potion of ambrosia {unknown}
 p - a potion of mutation {unknown}
 r - 2 potions of invisibility {unknown}
 s - a potion of heal wounds {unknown}
 u - 3 potions of cure mutation {unknown}
 w - 2 potions of lignification {unknown}
 A - a potion of brilliance {unknown}
Comestibles
 m - 2 chunks of flesh


   Skills:
 * Level 2.8 Fighting
 * Level 0.6 Maces & Flails
 * Level 6.1 Crossbows
 * Level 1.6 Armour
 * Level 2.0 Dodging
 - Level 0.5 Stealth


You had 4 spell levels left.
You didn't know any spells.

Dungeon Overview and Level Annotations

Branches:
Dungeon (3/15)

Altars:
Fedhas
Ru
Trog


Innate Abilities, Weirdness & Mutations

You have hooves in place of feet.
Armour fits poorly on your strangely shaped body.
You cover ground very quickly.
You have extremely tough skin (AC +3).


Message History

The orc priest calls down the wrath of Beogh upon you.
Beogh smites you!
* * * LOW HITPOINT WARNING * * *
The orc hits you but does no damage.
You hit the orc but do no damage. The orc barely misses you.
The orc priest mumbles some strange prayers to Beogh against you.
Beogh smites you!
* * * LOW HITPOINT WARNING * * *
You hit the orc. You kick the orc, but do no damage.
The orc is severely wounded.
The orc closely misses you.
Drink which item? (? for menu, Esc to quit)
You feel better. The orc barely misses you.
You sock the orc!
You kill the orc!
You hit the orc priest.
The orc priest is heavily wounded.
The orc priest mumbles some strange prayers to Beogh against you.
Beogh smites you!
You die...

######.#..#..#.....
#....#.#..#.##..###..##
#....#.#...)...........
###....#.##.##.#.###.###.
.........##....#.#
.###############.###'###
.# #.###_'.. .# #.###'###
.# #@# .# ## #o###.### .#
...# #........ .# ...#
#...##.##.. ## ...#
....#.. .. [# ...#
###....## ## .###...# #..
### .......# #..
.......#####.


You could see an orc priest.

Vanquished Creatures
  Crazy Yiuf (D:2)
  Jessica (D:2)
  Ijyb (D:2)
  An orc wizard (D:3)
  6 adders
  2 worms
  A giant gecko (D:3)
  3 orcs (D:3)
  5 giant cockroaches
  9 goblins
  3 hobgoblins
  5 jackals (D:2)
  A ball python (D:3)
  3 bats
  8 kobolds
  5 rats
  A fungus (D:2)
56 creatures vanquished.

Notes
Turn   | Place    | Note
--------------------------------------------------------------
     0 | D:1      | magog001 the Centaur Hunter began the quest for the Orb.
     0 | D:1      | Reached XP level 1. HP: 17/17 MP: 1/1
   221 | D:1      | Reached XP level 2. HP: 24/24 MP: 2/2
   808 | D:2      | Noticed Jessica
   810 | D:2      | Killed Jessica
   810 | D:2      | Reached skill level 5 in Crossbows
   810 | D:2      | Reached XP level 3. HP: 29/29 MP: 3/3
   974 | D:2      | Found a sacrificial altar of Ru.
  1150 | D:2      | Noticed Ijyb
  1306 | D:2      | Reached XP level 4. HP: 26/37 MP: 4/4
  1307 | D:2      | Killed Ijyb
  1629 | D:2      | Reached skill level 1 in Armour
  1726 | D:2      | Noticed Crazy Yiuf
  1755 | D:2      | Killed Crazy Yiuf
  1755 | D:2      | Reached XP level 5. HP: 42/42 MP: 5/5
  2618 | D:3      | Reached skill level 6 in Crossbows
  2878 | D:2      | Found a blossoming altar of Fedhas.
  2919 | D:3      | Found a bloodstained altar of Trog.
  2948 | D:3      | HP: 1/44 [orc priest/divine providence (12)]
  2952 | D:3      | Killed from afar by an orc priest

Skill      XL: |  1  2  3  4  5 |
---------------+----------------+-----
Crossbows      | 5 6 |  6.1
Armour         | 1 |  1.6
Dodging        | 2 |  2.0
Fighting       | |  2.8
Maces & Flails | |  0.6
Stealth        | |  0.5

Action                   |  1- 3 |  4- 6 || total
-------------------------+-------+-------++-------
Melee: Dagger            |    26 |       ||    26
       Kick              |     7 |    11 ||    18
       Club              |       |    50 ||    50
       Hand axe          |       |     9 ||     9
 Fire: Hand crossbow     |    42 |    37 ||    79
Throw: Tomahawk          |     3 |     3 ||     6
       Javelin           |       |     5 ||     5
  Use: Scroll            |       |     6 ||     6
       Potion            |       |     2 ||     2
  Eat: Bread ration      |     1 |       ||     1
       Chunk             |       |     4 ||     4
Armor: Leather armour    |     9 |    22 ||    31
Dodge: Dodged            |    19 |    41 ||    60
